 Dungeon Crawl Stone Soup version 0.19.5 (webtiles) character file.

844 Jenk the Cudgeler (level 7, 0/73 HPs)
             Began as a Troll Fighter on Mar 25, 2017.
             Killed by divine providence
             ... invoked by an orc priest
              (13 damage)
             ... on level 6 of the Dungeon.
             The game lasted 00:23:16 (2697 turns).

Jenk the Cudgeler (Troll Fighter)                   Turns: 2697, Time: 00:23:16

Health: 0/73       AC:  4    Str: 31    XL:     7   Next: 68%
Magic:  6/6        EV:  7    Int:  2    God:    Xom [..*...]
Gold:   206        SH: 17    Dex: 10    Spells: 0 memorised, 6 levels left

rFire  + + .     SeeInvis +     C - +6 mace of Insufficient Pleasure {flame, *Noise +Blink rF++ rC+, BASHY}
rCold  + . .     Gourm    +     u - +0 robe
rNeg   . . .     Faith    .     o - +1 large shield
rPois  .         Spirit   .     (helmet restricted)
rElec  .         Reflect  .     (no cloak)
rCorr  .         Harm     .     (gloves unavailable)
MR     .....                    (boots unavailable)
Stlth  +.........               (no amulet)
                                (no ring)
                                (no ring)

@: mighty
A: unfitting armour, claws 3, see invisible, deformed body, dopey 1, fast
metabolism 3, gourmand, regeneration 1, robust 1, shaggy fur 1, tough skin 2,
subdued magic 1, sturdy frame 1
a: Renounce Religion, Evoke Blink


You were on level 6 of the Dungeon.
You worshipped Xom.
You were a toy of Xom.
You were hungry.

You visited 2 branches of the dungeon, and saw 7 of its levels.

You collected 206 gold pieces.

Inventory:

Hand Weapons
 a - a +1 war axe
 e - a +0 hunting sling
 h - a +0 spear
 i - a +0 short sword
 j - a +2 mace of crushing
 k - a +0 mace of protection
 p - a +4 mace
 v - a +0 hunting sling
 y - a +2 war axe of venom
 C - the +6 mace of Insufficient Pleasure (weapon) {flame, *Noise +Blink rF++ rC+, BASHY}
   (You found it on level 4 of the Dungeon)

   It has been specially enchanted to burn those struck by it, causing extra
   injury to most foes and up to half again as much damage against particularly
   susceptible opponents.
   It greatly protects you from fire.
   It protects you from cold.
   It lets you blink.
   It may make noises in combat.
 G - a +0 shortbow
Missiles
 g - 131 stones
 D - a tomahawk (quivered)
 H - 12 arrows
Armour
 b - a +0 robe
 c - a +0 shield
 n - a cursed +0 chain mail
 o - a +1 large shield (worn)
 s - a +0 centaur barding
 u - a +0 robe (worn)
Jewellery
 w - an uncursed ring of protection from fire {unknown}
Scrolls
 B - a scroll of amnesia
Potions
 d - a potion of might
 l - 2 potions of curing
 m - a potion of flight {unknown}
 q - 5 potions of haste
 t - a potion of invisibility {unknown}
 A - 2 potions of agility {unknown}
Books
 x - a book of Cantrips

   Spells                             Type                      Level
   a - Confusing Touch                Hexes                        1
   b - Animate Skeleton               Necromancy                   1
   c - Summon Small Mammal            Summoning                    1
   d - Apportation                    Translocation                1
Comestibles
 f - 3 bread rations
 r - a royal jelly
 z - a meat ration
 E - a beef jerky
 F - a slice of pizza


   Skills:
 + Level 3.2 Fighting
 + Level 2.7(3.7) Axes
 + Level 4.1(4.6) Maces & Flails
 + Level 0.4(1.7) Polearms
 + Level 0.5(1.0) Slings
 + Level 1.7(1.9) Throwing
 + Level 3.5 Dodging
 + Level 0.3 Stealth
 + Level 4.1 Shields
 + Level 0.2 Evocations


You had 6 spell levels left.
You didn't know any spells.

Dungeon Overview and Level Annotations

Branches:
Dungeon (6/15)             Temple (1/1) D:4

Altars:
Ashenzari
Cheibriados
Dithmenos
Elyvilon
Fedhas
Gozag
Hepliaklqana
Kikubaaqudgha
Makhleb
Okawaru
Qazlal
Ru
Sif Muna
Trog
Uskayaw
Vehumet
Xom
Yredelemnul
Zin
The Shining One


Innate Abilities, Weirdness & Mutations

You are too large for most types of armour.
You have claws for hands.
Your metabolism is lightning-fast.
You like to eat raw meat.
Your natural rate of healing is unusually fast.
You are covered in fur. (AC +1)
You have very tough skin. (AC +2)
You have supernaturally acute eyesight. (SInv)
Armour fits poorly on your strangely shaped body.
You are dopey. (Int -2)
You are robust. (+10% HP)
Your spells are a little easier to cast, but a little less powerful.
Your movements are slightly less encumbered by armour. (ER -2)


Message History

The hornet zombie hits you but does no damage.
The bullfrog skeleton hits you.
* * * LOW HITPOINT WARNING * * *
The bullfrog zombie barely misses you.
A jackal zombie comes into view.
You feel better. You block the hornet zombie's attack.
The bullfrog skeleton hits you. The bullfrog zombie hits you.
* * * LOW HITPOINT WARNING * * *
You sock the bullfrog zombie! You burn the bullfrog zombie.
The bullfrog zombie is almost destroyed.
The bullfrog skeleton completely misses you.
You block the hornet zombie's attack. You block the bullfrog zombie's attack.
The bullfrog skeleton barely misses you.
The hornet zombie hits you!
* * * LOW HITPOINT WARNING * * *
You are feeling hungry.
The orc priest calls down the wrath of Beogh upon you.
Beogh smites you!
You die...
Xom roars with laughter!

*,.......(##......*,,,,,*,
*,.........#.....,*,,,,,*,
**#............##***#...*#
*...5.......Z.#,,.....*#
*,,,#..(......#.,.....##
*,,,#%.o........,.......
*,,,##.Z....###.,....#..
*****##ZZ...#,,,,<......
##@....#,,,,....... #####
#....###,,,,......# #...#
#....# *,,,#'#..... #...#
#....# *,,,#.#.##..
#...###....#######.#.##..
#...............##'#.##..
#....................##..
###...................#..
#.......##..........###


You could see an orc priest, a crimson imp, a jackal zombie, a bullfrog zombie,
a hornet zombie and a bullfrog skeleton.

Vanquished Creatures
  The ghost of Timinator the Insei, a novice OpTm of Hepliaklqana (D:5)
  A sky beast (D:6)
  A phantom (D:4)
  A centaur (D:6)
  Blork the orc (D:4)
  2 crimson imps
  2 centaur zombies (D:5)
  A bullfrog zombie (D:5)
  A worker ant (D:5)
  A worker ant zombie (D:6)
  An adder (D:3)
  A shadow imp (D:5)
  An adder skeleton (D:5)
  2 worms
  A dart slug (D:1)
  4 orcs (D:6)
  7 bats
  4 giant cockroaches
  5 goblins (D:1)
  3 hobgoblins
  2 quokkas
  A ball python (D:1)
  3 frilled lizards
  5 kobolds
  A quokka zombie (D:5)
  7 rats
  A withered plant (D:6)
61 creatures vanquished.

Notes
Turn   | Place    | Note
-------+----------+-------------------------------------------
     0 | D:1      | Jenk the Troll Fighter began the quest for the Orb.
     0 | D:1      | Reached XP level 1. HP: 22/22 MP: 0/0
   148 | D:1      | Reached XP level 2. HP: 29/29 MP: 1/1
  1020 | D:2      | Found a sacrificial altar of Ru.
  1041 | D:2      | Became a worshipper of Ru the Awakened
  1142 | D:2      | Reached XP level 3. HP: 36/36 MP: 2/2
  1720 | D:4      | Noticed a phantom
  1748 | D:4      | Killed a phantom
  1748 | D:4      | Reached skill level 1 in Maces & Flails
  1748 | D:4      | Reached XP level 4. HP: 35/44 MP: 3/3
  1748 | D:4      | Reached XP level 5. HP: 41/52 MP: 4/4
  1810 | D:4      | Got a brightly glowing mace
  1811 | D:4      | Identified the +6 mace of Insufficient Pleasure {flame, *Noise +Blink rF++ rC+} (You found it on level 4 of the Dungeon)
  1827 | D:4      | Noticed Blork the orc
  1844 | D:4      | Killed Blork the orc
  1908 | D:4      | Found a staircase to the Ecumenical Temple.
  1920 | Temple   | Entered the Ecumenical Temple
  1971 | Temple   | Fell from the grace of Ru
  1971 | Temple   | Became a worshipper of Xom of Chaos
  2034 | Temple   | XOM: silly message
  2164 | D:5      | Entered Level 5 of the Dungeon
  2198 | D:5      | Reached XP level 6. HP: 56/59 MP: 5/5
  2217 | D:5      | Reached skill level 1 in Throwing
  2336 | D:5      | Noticed Timinator's ghost (novice OpTm)
  2347 | D:5      | XOM: smoke on damage
  2350 | D:5      | Killed Timinator's ghost
  2350 | D:5      | Reached XP level 7. HP: 39/67 MP: 6/6
  2412 | D:5      | Found a radiant altar of Vehumet.
  2564 | D:6      | Gained mutation: Armour fits poorly on your strangely shaped body. [mutagenic meat]
  2579 | D:6      | Gained mutation: You are dopey. (Int -2) [mutagenic meat]
  2580 | D:6      | Gained mutation: Your spells are a little easier to cast, but a little less powerful. [mutagenic meat]
  2581 | D:6      | Gained mutation: Your movements are slightly less encumbered by armour. (ER -2) [mutagenic meat]
  2582 | D:6      | Gained mutation: You are robust. (+10% HP) [mutagenic meat]
  2583 | D:6      | Gained mutation: You have supernaturally acute eyesight. (SInv) [mutagenic meat]
  2697 | D:6      | Killed from afar by an orc priest

Skill      XL: |  1  2  3  4  5  6  7 |
---------------+----------------------+-----
Axes           | 2 |  2.7
Maces & Flails | 1 2 3 4 |  4.1
Shields        | 3 4 |  4.1
Dodging        | 3 |  3.5
Fighting       | 3 |  3.2
Throwing       | 1 |  1.7
Polearms       | |  0.4
Slings         | |  0.5
Stealth        | |  0.3
Evocations     | |  0.2

Action                   |  1- 3 |  4- 6 |  7- 9 || total
-------------------------+-------+-------+-------++-------
Melee: War axe           |    58 |       |       ||    58
       Mace              |    54 |    42 |    32 ||   128
       Spear             |    29 |       |       ||    29
 Fire: Hunting sling     |     6 |       |       ||     6
Throw: Stone             |    13 |       |       ||    13
       Tomahawk          |       |     3 |    13 ||    16
 Abil: Evoke Blink       |       |     1 |       ||     1
  Use: Scroll            |     7 |     2 |     2 ||    11
       Potion            |     1 |       |     2 ||     3
  Eat: Chunk             |    14 |       |    10 ||    24
       Bread ration      |     1 |       |       ||     1
Armor: Robe              |    71 |    10 |     2 ||    83
Dodge: Dodged            |    49 |     2 |     8 ||    59
Block: Shield            |    70 |       |       ||    70
       Large shield      |    18 |    25 |    24 ||    67
